 Dungeon Crawl Stone Soup version 0.28.0-53-g5a82cb258f (console) character file.

Game seed: 7685387692176403379

7562 erker the Transmogrifier (level 11, -1/61 HPs)
             Began as an Octopode Earth Elementalist on July 10, 2022.
             Was an Elder of Cheibriados.
             Slain by a four-headed hydra (9 damage)
             ... on level 2 of the Lair of Beasts.
             The game lasted 00:45:03 (12319 turns).

erker the Transmogrifier (OpEE)                    Turns: 12319, Time: 00:45:03

Health: -1/61      AC: 17    Str: 16    XL:     11   Next: 17%
Magic:  2/17       EV: 18    Int: 37    God:    Cheibriados [****..]
Gold:   194        SH:  0    Dex: 22    Spells: 6/18 levels left

rFire   . . .      SeeInvis .   a - +1 short sword (protect)
rCold   . . .      Faith    .   (no shield)
rNeg    + . .      Spirit   .   (helmet restricted)
rPois   .          Reflect  .   (no amulet)
rElec   .          Harm     .   g - +4 ring of evasion
rCorr   .          Rampage  .   p - ring of positive energy
Will    .....                   u - +6 ring of intelligence
Stlth   ++++......              (no ring)
HPRegen 0.20/turn               (no ring)
MPRegen 0.15/turn               (no ring)
                                (no ring)
                                (no ring)

@: mighty, ice-armoured, under a protective aura, very slow
A: almost no armour, amphibious, 8 rings, camouflage 1, gelatinous body 1,
(nimble swimmer 1), tentacles
a: Renounce Religion, Bend Time, Temporal Distortion, Slouch


You were on level 2 of the Lair of Beasts.
You worshipped Cheibriados.
Cheibriados was greatly pleased with you.
You visited 3 branches of the dungeon, and saw 12 of its levels.

You collected 454 gold pieces.
You spent 260 gold pieces at shops.

Inventory:

Hand Weapons
 a - a +1 short sword of protection (weapon)
 b - a +0 dagger
 C - a +0 longbow
Missiles
 k - 88 sling bullets
 l - a throwing net
 n - 49 bolts
 s - 131 stones
 x - 141 arrows
 D - a curare-tipped dart
Magical Staves
 w - a staff of earth
Jewellery
 g - a +4 ring of evasion (left tentacle)
 p - a ring of positive energy (right tentacle)
 u - a +6 ring of intelligence (on tentacle)
Wands
 y - a wand of polymorph (8)
 B - a wand of flame (51) (quivered)
 H - a wand of iceblast (2)
Scrolls
 d - a scroll of blinking {unknown}
 e - 3 scrolls of enchant weapon
 h - a scroll of immolation
 i - a scroll of noise {unknown}
 m - 3 scrolls of enchant armour
 q - 2 scrolls of fear
 r - a scroll of holy word {unknown}
 t - 9 scrolls of teleportation
 F - a scroll of vulnerability {unknown}
 I - a scroll of fog {unknown}
Potions
 c - 2 potions of brilliance
 f - 2 potions of curing
 j - 2 potions of heal wounds
 o - 4 potions of haste
 v - a potion of attraction
 z - a potion of ambrosia
 A - a potion of resistance
 E - a potion of flight
 G - a potion of might


   Skills:
 - Level 4.0 Short Blades
 - Level 2.0 Dodging
 - Level 4.0 Stealth
 - Level 4.0 Spellcasting
 + Level 4.6 Hexes
 - Level 10.0 Transmutations
 - Level 6.0 Ice Magic
 + Level 9.3 Earth Magic
 - Level 4.0 Invocations


You had 6 spell levels left.
You knew the following spells:

 Your Spells              Type           Power      Damage    Failure   Level
a - Sandblast             Erth           100%       2d20      1%          1
o - Ozocubu's Armour      Ice            51%        N/A       1%          3
p - Petrify               Tmut/Erth      68%        N/A       1%          4
w - Passwall              Tmut/Erth      56%        N/A       1%          2
z - Ensorcelled Hibernat  Hex/Ice        92%        N/A       1%          2

Your spell library contained the following spells:

 Spells                   Type           Power      Damage    Failure   Level
 Stone Arrow              Conj/Erth      84%        3d12      1%          3
 Swiftness                Air            7%         N/A       12%         3
 Ozocubu's Refrigeration  Ice            25%        4d10      96%         7


Dungeon Overview and Level Annotations

Branches:
Dungeon (9/15)             Temple (1/1) D:4            Lair (2/6) D:8
  Swamp: Lair:2-4    Shoals: Lair:2-4     Snake: Lair:2-4    Spider: Lair:2-4
    Orc: D:9-12

Altars:
Ashenzari
Cheibriados
Dithmenos
Fedhas
Gozag
Hepliaklqana
Kikubaaqudgha
Makhleb
Nemelex Xobeh
Okawaru
Qazlal
Ru
Trog
Uskayaw
Wu Jian
Xom
Yredelemnul
Zin
The Shining One

Shops:
D:1 [   D:2 [   D:3 **   D:7 :(

Annotations:
D:4 exclusion: wight
D:7 exclusion: ogre


Innate Abilities, Weirdness & Mutations

You cannot wear most types of armour.
You are amphibious.
You can wear up to eight rings at the same time.
Your skin changes colour to match your surroundings (Stealth+).
Your rubbery body absorbs attacks. (AC +1, EV +1)
((You are camouflaged when in or above water. (Stealth+)))
You have tentacles for arms and can constrict up to eight enemies at once.


Message History

Aiming: Sandblast (safe; 1% risk of failure)
Press: ? - help, Shift-Dir - straight line, f/p - four-headed hydra
Aim: a four-headed hydra (lightly wounded, 94% to hit)
The blast of sand hits the four-headed hydra!
The four-headed hydra is moderately wounded.
s - 131 stones You puncture the four-headed hydra!
Your weapon exudes an aura of protection.
The four-headed hydra is heavily wounded.
You hit the four-headed hydra.
The four-headed hydra is heavily wounded.
The four-headed hydra bites you!
The four-headed hydra completely misses you.
The four-headed hydra bites you.
The four-headed hydra bites you but does no damage.
You hit the four-headed hydra. You squeeze the four-headed hydra!
The four-headed hydra is severely wounded.
The four-headed hydra misses you.
The four-headed hydra barely misses you.
The four-headed hydra completely misses you.
The four-headed hydra barely misses you.
You hit the four-headed hydra.
The four-headed hydra is severely wounded.
The four-headed hydra bites you!
* * * LOW HITPOINT WARNING * * *
The four-headed hydra completely misses you.
The four-headed hydra bites you but does no damage.
The four-headed hydra barely misses you.
You puncture the four-headed hydra!
The four-headed hydra is almost dead.
The four-headed hydra closely misses you.
The four-headed hydra misses you.
The four-headed hydra completely misses you.
The four-headed hydra barely misses you.
You hit the four-headed hydra.
Your squeeze misses the four-headed hydra.
The four-headed hydra is almost dead.
The four-headed hydra completely misses you.
The four-headed hydra bites you!
You die...

.........†.##...#......
.............#.(.###....
............>##.........
....................⌠...
♣..............#........
♣..............#.⌠.S.⌠.
♣♣.............##.......
#..........#####....⌠...
.....#@#### .........
♣.. ##D.# ...###.### ♣
........# .. .<.....# .#
....##. .. #####


You could see a four-headed hydra.

Vanquished Creatures
  6 cane toads
  A komodo dragon (Lair:1)
  2 polar bears (Lair:1)
  3 blink frogs (Lair:1)
  Sigmund (D:6)
  A wyvern (D:7)
  A basilisk (Lair:1)
  5 yaks (Lair:2)
  2 wargs (D:8)
  Edmund (D:6)
  3 water moccasins
  2 sky beasts
  2 orc warriors
  2 ice beasts
  3 wolves (Lair:1)
  2 ogres (D:6)
  5 bullfrogs
  A kobold brigand (D:6)
  Blork the orc (D:6)
  A scorpion (D:7)
  A gnoll sergeant (D:5)
  2 water moccasin zombies (D:4)
  2 jellies (D:7)
  2 howler monkeys
  2 centaur zombies
  A human zombie (D:4)
  Crazy Yiuf (D:7)
  4 orc priests
  A gnoll shaman (D:8)
  2 iguanas
  9 orc wizards
  2 hound zombies (D:4)
  2 mummies (D:4)
  A howler monkey zombie (D:4)
  A howler monkey skeleton (D:5)
  18 gnolls
  9 adders
  2 white imps
  An ufetubus (D:6)
  An adder zombie (D:4)
  A worm (D:4)
  2 dart slugs
  23 orcs
  8 ball pythons
  8 endoplasms
  2 giant cockroaches (D:1)
  6 goblins
  7 hobgoblins
  11 kobolds
  3 bats
  2 frilled lizards (D:1)
  A quokka zombie (D:4)
  4 rats
187 creatures vanquished.

Vanquished Creatures (others)
  9 demonic plants (D:2)
  10 fungi
  13 plants
  2 withered plants (D:2)
34 creatures vanquished.

Grand Total: 221 creatures vanquished

Notes
Turn   | Place    | Note
-------+----------+-------------------------------------------
     0 | D:1      | erker the Octopode Earth Elementalist began the quest for
                  | the Orb.
     0 | D:1      | Reached XP level 1. HP: 11/11 MP: 3/3
   542 | D:1      | Reached XP level 2. HP: 17/17 MP: 5/5
   666 | D:1      | Reached skill level 1 in Short Blades
   666 | D:1      | Reached XP level 3. HP: 11/21 MP: 2/6
   799 | D:1      | Found Tantuc Ofid's Armour Shoppe.
  1188 | D:1      | Learned a level 2 spell: Passwall
  1811 | D:2      | Reached XP level 4. HP: 22/27 MP: 4/7
  1835 | D:2      | Found Nerumu's Antique Armour Shoppe.
  2162 | D:2      | Found a faded altar of an unknown god.
  2469 | D:3      | Found Zin's Purification Station.
  2472 | D:3      | Found a glowing silver altar of Zin.
  2517 | D:3      | Found a stormy altar of Qazlal.
  2666 | D:3      | Found a sparkling altar of Nemelex Xobeh.
  2709 | D:3      | Found Juumiar's Assorted Antiques.
  2959 | D:3      | Reached skill level 2 in Transmutations
  3197 | D:4      | Found an iron altar of Okawaru.
  3205 | D:4      | Reached XP level 5. HP: 31/31 MP: 8/8
  3497 | D:4      | Reached skill level 3 in Transmutations
  3768 | D:4      | Found a blossoming altar of Fedhas.
  3788 | D:4      | Found a shimmering altar of Xom.
  3856 | D:4      | Found a staircase to the Ecumenical Temple.
  3889 | Temple   | Entered the Ecumenical Temple
  4391 | Temple   | Became a worshipper of Cheibriados the Contemplative
  4580 | D:4      | Reached skill level 4 in Transmutations
  4580 | D:4      | Reached XP level 6. HP: 22/36 MP: 7/9
  4849 | D:4      | Found a basalt altar of Yredelemnul.
  4984 | D:4      | Reached skill level 5 in Earth Magic
  5052 | D:4      | Reached XP level 7. HP: 41/41 MP: 10/10
  5152 | D:5      | Entered Level 5 of the Dungeon
  5159 | D:5      | Reached * piety under Cheibriados
  5864 | D:5      | Learned a level 4 spell: Petrify
  5904 | D:5      | Reached skill level 5 in Transmutations
  5904 | D:5      | Reached XP level 8. HP: 46/46 MP: 6/11
  6186 | D:5      | Reached ** piety under Cheibriados
  6359 | D:5      | Reached skill level 6 in Transmutations
  6430 | D:5      | Found a bloodstained altar of Trog.
  6453 | D:5      | Found a glowing golden altar of the Shining One.
  6981 | D:6      | Learned a level 3 spell: Ozocubu's Armour
  6996 | D:6      | Noticed Blork the orc
  7004 | D:6      | Noticed Sigmund
  7339 | D:6      | Noticed Edmund
  7446 | D:6      | Reached skill level 1 in Ice Magic
  7557 | D:6      | Killed Sigmund
  8036 | D:6      | Killed Edmund
  8038 | D:6      | Reached XP level 9. HP: 51/51 MP: 9/14
  8286 | D:6      | Killed Blork the orc
  8719 | D:7      | Found a runed translucent door.
  8720 | D:7      | Noticed Crazy Yiuf
  8977 | D:7      | Found Obimuf's Weapon Boutique.
  8980 | D:7      | Reached *** piety under Cheibriados
  8981 | D:7      | Found Ivemeb's Book Emporium.
  9585 | D:7      | Killed Crazy Yiuf
  9586 | D:7      | Reached skill level 7 in Transmutations
  9690 | D:8      | Found a staircase to the Lair.
 10022 | D:8      | Reached skill level 8 in Transmutations
 10098 | D:8      | Reached skill level 1 in Invocations
 10710 | D:9      | Found a shadowy altar of Dithmenos.
 10767 | D:7      | Bought a book of Burglary for 260 gold pieces
 10770 | D:7      | Learned a level 2 spell: Ensorcelled Hibernation
 10849 | Lair:1   | Entered Level 1 of the Lair of Beasts
 10892 | Lair:1   | Noticed a cane toad
 10920 | Lair:1   | Killed a cane toad
 10921 | Lair:1   | Reached XP level 10. HP: 56/56 MP: 12/16
 11089 | Lair:1   | Reached skill level 5 in Ice Magic
 11390 | Lair:1   | Noticed a cane toad
 11395 | Lair:1   | Noticed a cane toad
 11399 | Lair:1   | Noticed a cane toad
 11414 | Lair:1   | Killed a cane toad
 11548 | Lair:1   | Reached skill level 9 in Transmutations
 11670 | Lair:1   | Killed a cane toad
 11788 | Lair:1   | Killed a cane toad
 11845 | Lair:1   | Noticed a cane toad
 11881 | Lair:1   | Killed a cane toad
 11882 | Lair:1   | Reached skill level 10 in Transmutations
 12173 | Lair:2   | Reached **** piety under Cheibriados
 12227 | Lair:2   | Noticed a cane toad
 12234 | Lair:2   | Reached XP level 11. HP: 61/61 MP: 14/17
 12309 | Lair:2   | Noticed a four-headed hydra
 12319 | Lair:2   | Slain by a four-headed hydra

Illustrated notes

Levels and vault maps discovered:
D:1:      amcnicky_arrival_abandoned_market, layout_basic, serial_shops, shop,
          minmay_tromino_v7
D:2:      layout_basic, shapermc_ecumenical_altar_gd, serial_shops, shop,
          nrook_mini_vaults, minmay_misc_feat_diagonals,
          kennysheep_generic_room_9
D:3:      layout_basic, nemelex_spade_bored_becter, zin_purify,
          nicolae_qazlal_general_emergency, serial_shops, nicolae_shop_stone
D:4:      layout_rooms, lemuel_round_altar, lemuel_mausoleum_altar_yredelemnul,
          okawaru_metal_pillars_1_2, nicolae_overflow_crystal_walls,
          minmay_temple_entry_poolview, corexii_shack
D:5:      layout_loops_ring, mainiacjoe_overflow_alcove_2,
          mainiacjoe_overflow_surrounded_room
D:6:      layout_loops_ring, nicolae_underground_beach, uniq_edmund,
          uniq_sigmund, uniq_blork_the_orc
D:7:      layout_basic, nicolae_wooded_promenade, minmay_misc_feat_x,
          bh_walls_and_bars, uniq_crazy_yiuf_cottage
D:8:      layout_basic, erik_lair_orcish_takeover, minmay_misc_feat_chi
D:9:      layout_stronghold, grunt_dithmenos_shadows, uniq_joseph, uniq_erolcha
Temple:   jpeg_temple_island
Lair:1:   layout_long_grid, infiniplex_staircase_pool_2, grunt_megastairs_2
Lair:2:   layout_hall_layers, gammafunk_lair_bear_cave, serial_bayou_shore_a,
          lemuel_fruit_tree, grunt_megastairs_4

Skill      XL: |  1  2  3  4  5  6  7  8  9 10 11 |
---------------+----------------------------------+-----
Stealth        | 3 4 |  4.0
Short Blades   | 1 2 4 |  4.0
Earth Magic    | 4 5 6 7 8 9 |  9.3
Transmutations | 2 4 5 6 8 10 | 10.0
Spellcasting   | 3 4 |  4.0
Ice Magic      | 2 4 6 |  6.0
Invocations    | 4 |  4.0
Hexes          | 2 4 |  4.6
Dodging        | |  2.0

Action                   |  1- 3 |  4- 6 |  7- 9 | 10-12 || total
-------------------------+-------+-------+-------+-------++-------
Melee: Unarmed           |     8 |       |       |       ||     8
       Dagger            |    45 |    52 |    43 |    20 ||   160
       Constrict         |    11 |    18 |    26 |     9 ||    64
       Tentacles         |     6 |    18 |    31 |    20 ||    75
       Punch             |     1 |     1 |     3 |     1 ||     6
       Short sword       |       |    29 |    72 |    44 ||   145
Throw: Stone             |       |     1 |     2 |       ||     3
 Cast: Sandblast         |    10 |    25 |    68 |    17 ||   120
       Passwall          |     2 |       |    13 |     4 ||    19
       Petrify           |       |       |    17 |     7 ||    24
       Ozocubu's Armour  |       |       |     1 |     5 ||     6
       Ensorcelled Hiber |       |       |       |    16 ||    16
Evoke: Wand              |       |       |       |     1 ||     1
  Use: Potion            |       |     1 |       |     3 ||     4
       Scroll            |       |       |    14 |     1 ||    15
 Stab: Sleeping          |    10 |    17 |    19 |     9 ||    55
       Petrified         |       |       |    37 |    17 ||    54
       Petrifying        |       |       |     2 |       ||     2
Armor: Skin              |     3 |    10 |    10 |     8 ||    31
Dodge: Dodged            |    28 |    46 |    87 |    52 ||   213
